AoeStats
← Dis

Arena

508647059Analyzed
4v4 RM · 10d ago on Sep 23, 2026· 25m 41s· 8 players
Game mode
Random Map
Map size
Large (8 player)
Population
200
Speed
Normal
Resources
Standard
Victory
Conquest
Starting age
Dark Age
Ending age
Imperial Age
RankedLock teamsTeams togetherTeam positionsShared explorationLock speedFull tech treeHidden civsTurbo modeCheats
Victory
Defeat
🇷🇺 Aztecs · Russia
1368
+13
🇻🇪 Saxons · Venezuela
1268
+17
🇦🇺 Saxons · Australia
1253
+18
🇷🇺 Burgundians · Russia
1206
+19
🇹🇼 Romans · Taiwan
1299
-17
🇹🇼 Varangians · Taiwan
1297
-17
🇹🇼 Khmer · Taiwan
1285
-17
🇹🇼 Spanish · Taiwan
1273
-16
Potro Occidental
8:01 Feudal Age
7:24 Loom
8:27 Double-Bit Axe
13:06 Fletching
21:55 Castle Age
25:09 Horse Collar
ufokinw0tm8
10:34 Feudal Age
14:24 Castle Age
12:10 Double-Bit Axe
12:08 Horse Collar
16:18 Bow Saw
16:57 Loom
24:40 Wheelbarrow
24:12 Heavy Plow
24:06 Gold Mining
24:46 Stone Mining
Dis
10:18 Feudal Age
11:38 Loom
14:09 Castle Age
12:35 Double-Bit Axe
14:12 Gold Mining
16:42 Redemption
16:44 Fervor
17:57 Sanctity
20:16 Redemption
24:26 Atonement
Fantom7
11:39 Feudal Age
15:23 Castle Age
13:41 Double-Bit Axe
14:24 Horse Collar
17:07 Forging
20:57 Scale Mail Armor
22:34 Wheelbarrow
23:31 Heavy Plow
23:38 Squires
24:38 Iron Casting
26:03 Chain Mail Armor
TAG_VA
10:31 Feudal Age
13:30 Castle Age
11:25 Double-Bit Axe
16:29 Horse Collar
18:49 Loom
23:10 Wheelbarrow
22:50 Bloodlines
22:52 Scale Barding Armor
22:52 Husbandry
25:06 Chain Barding Armor
匹皮姆貓
7:28 Loom
9:44 Feudal Age
14:09 Castle Age
12:58 Horse Collar
TAG_MING
11:28 Feudal Age
11:50 Horse Collar
13:58 Fletching
17:32 Loom
27:36 Castle Age
slryze4264
10:56 Feudal Age
11:06 Feudal Age
15:05 Castle Age
13:00 Double-Bit Axe
17:33 Bow Saw
20:56 Scale Barding Armor
22:25 Chain Barding Armor
21:48 Light Cavalry
Connection lost

Rejoining the realm…

Still unreachable

The connection could not be restored.

Session expired

The server has moved on; the page needs a fresh start.